 Dungeon Crawl Stone Soup version 0.23-b1-59-g586d0d887c (webtiles) character file.

Game seed: 5420530995549950297

105 Majang the Chopper (level 4, 0/35 HPs)
             Began as a Demonspawn Gladiator on Feb 5, 2019.
             Slain by Natasha (5 damage)
             ... on level 2 of the Dungeon.
             The game lasted 00:04:43 (1751 turns).

Majang the Chopper (Demonspawn Gladiator)           Turns: 1751, Time: 00:04:44

Health: 0/35       AC:  5    Str: 15    XL:     4   Next: 53%
Magic:  4/4        EV: 11    Int: 10    God:
Gold:   69         SH:  0    Dex: 14    Spells: 3/3 levels left

rFire    . . .     SeeInvis .   a - +0 war axe
rCold    . . .     Gourm    .   (no shield)
rNeg     . . .     Faith    .   n - +0 ring mail
rPois    .         Spirit   .   (helmet restricted)
rElec    .         Reflect  .   (no cloak)
rCorr    .         Harm     .   (no gloves)
MR       .....                  (no boots)
Stlth    +.........             (no amulet)
HPRegen  0.11/turn              (no ring)
MPRegen  0.09/turn              (no ring)

@: slowed, very slow
A: horns 1, rot immunity
a: no special abilities


You were on level 2 of the Dungeon.
You were not hungry.

You visited 1 branch of the dungeon, and saw 2 of its levels.

You collected 69 gold pieces.

Inventory:

Hand Weapons
 a - a +0 war axe (weapon)
Missiles
 d - 3 throwing nets (quivered)
Armour
 b - a +0 leather armour
 c - a +0 helmet
 n - a +0 ring mail (worn)
Scrolls
 i - 2 scrolls of teleportation {unknown}
 j - 3 scrolls of remove curse {unknown}
 l - a scroll of magic mapping {unknown}
 m - a scroll of blinking {unknown}
Potions
 e - a potion of berserk rage {unknown}
 h - a potion of ambrosia {unknown}
 k - a potion of might {unknown}
Comestibles
 f - 6 rations


   Skills:
 + Level 3.1 Fighting
 * Level 4.3 Axes
 - Level 1.7 Throwing
 - Level 2.6 Dodging


You had 3 spell levels left.
You didn't know any spells.
Your spell library was empty.

Dungeon Overview and Level Annotations

Branches:
Dungeon (2/15)

Altars:

Annotations:
D:2 Natasha


Innate Abilities, Weirdness & Mutations

You have a pair of small horns on your head.
You are immune to rotting.


Message History

Natasha casts a spell at you. The magic dart hits you.
You closely miss Natasha.
Natasha is moderately wounded.
Natasha stares at you and mumbles some strange words.
The magic dart hits you. Natasha claws you.
* * * LOW HITPOINT WARNING * * *
You hit Natasha but do no damage. You headbutt Natasha.
Natasha is heavily wounded.
Natasha claws you but does no damage.
You hit Natasha. You headbutt Natasha.
Natasha is almost dead.
Natasha stares at you and mumbles some strange words.
You feel yourself slow down.
You barely miss Natasha.
Natasha is almost dead.
Natasha claws you.
* * * LOW HITPOINT WARNING * * *
Natasha claws you.
You die...

###### #.............#
.....# #.............#
.....# #......########
....)# #......#
.....#####......#
........##.)....#
........##......#
........##......######
........'(......@h..>#
.รท......##......##.#.#
........##########...#
........# ##..#
####....#### #..#
...........# #.h#
......####.# ##.#
......# #.# .. #######
##.## ..#


You could see Natasha.

Vanquished Creatures
  Natasha (twice) (D:2)
  3 adders (D:2)
  A dart slug (D:2)
  A ball python (D:2)
  2 bats
  5 hobgoblins
  2 jackals (D:1)
  2 frilled lizards (D:1)
  5 goblins
  2 kobolds
  6 rats
31 creatures vanquished.

Notes
Turn   | Place    | Note
-------+----------+-------------------------------------------
     0 | D:1      | Majang the Demonspawn Gladiator began the quest for the
                  | Orb.
     0 | D:1      | Reached XP level 1. HP: 16/16 MP: 1/1
   259 | D:1      | Reached skill level 3 in Axes
   364 | D:1      | Gained mutation: You are immune to rotting. [demonic
                  | ancestry]
   364 | D:1      | Reached XP level 2. HP: 22/22 MP: 2/2
   883 | D:2      | Noticed Natasha
   886 | D:2      | Noticed a crimson imp
   888 | D:2      | Noticed a crimson imp
   893 | D:2      | Killed Natasha
   893 | D:2      | Reached XP level 3. HP: 15/28 MP: 3/3
  1109 | D:2      | Noticed Natasha
  1251 | D:2      | Killed Natasha
  1251 | D:2      | Reached skill level 4 in Axes
  1251 | D:2      | Gained mutation: You have a pair of small horns on your
                  | head. [demonic ancestry]
  1251 | D:2      | Reached XP level 4. HP: 4/35 MP: 4/4
  1262 | D:2      | HP: 2/52 [poisoned by an adder]
  1270 | D:2      | HP: 2/52 [poisoned by an adder]
  1738 | D:2      | Noticed Natasha
  1751 | D:2      | Slain by Natasha

Skill      XL: |  1  2  3 |
---------------+----------+-----
Axes           | 3 4 |  4.3
Fighting       | 3 |  3.1
Throwing       | |  1.7
Dodging        | |  2.6

Action                   |  1- 3 |  4- 6 || total
-------------------------+-------+-------++-------
Melee: War axe           |    73 |    18 ||    91
       Headbutt          |       |     4 ||     4
  Use: Potion            |     1 |       ||     1
  Eat: Chunk             |     1 |     2 ||     3
Armor: Leather armour    |    14 |     3 ||    17
       Skin              |     4 |       ||     4
       Ring mail         |       |     3 ||     3
Dodge: Dodged            |    51 |     8 ||    59
